 Dungeon Crawl Stone Soup version 0.27-a0-650-g8dd3ea4f36 (webtiles) character file.

Game seed: 11336378770706218106

1 dickylongcocking the Sneak (level 1, -2/20 HPs)
             Began as a Deep Dwarf Delver on Mar 16, 2021.
             Slain by Ijyb
             ... wielding a +3 club
              (3 damage)
             ... on level 5 of the Dungeon.
             The game lasted 00:00:06 (13 turns).

dickylongcocking the Sneak (Deep Dwarf Delver)        Turns: 13, Time: 00:00:06

Health: -2/20      AC:  3    Str: 15    XL:     1   Next: 16%
Magic:  1/1        EV: 12    Int: 10    God:
Gold:   0          SH:  0    Dex: 14    Spells: 0/0 levels left

rFire    . . .     SeeInvis .   a - +0 hand axe
rCold    . . .     Faith    .   (no shield)
rNeg     . . .     Spirit   .   b - +0 leather armour
rPois    .         Reflect  .   (no helmet)
rElec    .         Harm     .   (no cloak)
rCorr    .         Rampage  .   (no gloves)
Will     .....                  (no boots)
Stlth    +++.......             (no amulet)
HPRegen  0.00/turn              (no ring)
MPRegen  0.07/turn              (no ring)

@: non-regenerating
A: damage resistance, heal wounds, sense surroundings 1, no regeneration
a: Heal Wounds


You were on level 5 of the Dungeon.
You visited 1 branch of the dungeon, and saw 1 of its levels.

Inventory:

Hand Weapons
 a - a +0 hand axe (weapon)
Armour
 b - a +0 leather armour (worn)
Wands
 g - a wand of digging (3)
Scrolls
 c - a scroll of fog
 d - a scroll of magic mapping
 e - a scroll of fear
Potions
 f - a potion of haste


   Skills:
 - Level 2.6 Fighting
 * Level 2.3 Axes
 - Level 2.1 Dodging
 - Level 6.0 Stealth


You couldn't memorise any spells.
You didn't know any spells.
Your spell library was empty.

Dungeon Overview and Level Annotations

Branches:
Dungeon (5/15)
 Temple: D:4-7

Altars:

Annotations:
D:5 Ijyb


Innate Abilities, Weirdness & Mutations

You are resistant to damage.
You can heal yourself by infusing magical energy.
You passively map a small area around you.
You do not regenerate.


Message History

Ijyb hits you with a +3 club!
You closely miss the jackal.
The jackal is severely wounded.
You hit the jackal. You barely miss the jackal. You barely miss Ijyb.
The jackal bites you but does no damage. x2
The jackal closely misses you.
The jackal bites you but does no damage.
Ijyb closely misses you. The jackal closely misses you. x2
Unknown command.
You hit Ijyb.
Ijyb is moderately wounded.
You hit the jackal.
You kill the jackal!
You hit the jackal but do no damage. You hit the jackal.
The jackal bites you but does no damage.
The jackal completely misses you.
Ijyb screams, "Get away!"
Ijyb hits you with a +3 club! The jackal barely misses you.
The jackal bites you but does no damage.
You hit Ijyb.
Ijyb is moderately wounded.
You hit the jackal. You hit the jackal but do no damage. The jackal bites you.
* * * LOW HITPOINT WARNING * * *
Ijyb hits you with a +3 club.
* * * LOW HITPOINT WARNING * * *
The jackal bites you. The jackal misses you.
You closely miss Ijyb.
Ijyb is moderately wounded.
You barely miss the jackal. You hit the jackal but do no damage.
The jackal bites you but does no damage.
Ijyb misses you. The jackal barely misses you. The jackal misses you.
Ijyb barely misses you.
Unknown command.
Okay, then.
You hit Ijyb.
Ijyb is moderately wounded.
You closely miss the jackal. You hit the jackal. The jackal closely misses you.
The jackal bites you but does no damage.
The jackal closely misses you. Ijyb hits you with a +3 club.
You die...

* * .. #.# .......*
* ,#.##.# ##.....#*
* #..#.# #......#
#....# #......# ,
,#....# #......#
,#....# #......# *
*
#....#####.g....###
, *
#...>.....h@......#
########..h.......#
#..........# , **
#..........# , *
,........#####
,########.# * * .#
, , *.# * * * *


You could see Ijyb and 2 jackals.

Vanquished Creatures
  A jackal (D:5)
1 creature vanquished.

Notes
Turn   | Place    | Note
-------+----------+-------------------------------------------
     0 | D:5      | dickylongcocking the Deep Dwarf Delver began the quest for
                  | the Orb.
     0 | D:5      | Reached XP level 1. HP: 20/20 MP: 1/1
     4 | D:5      | Noticed Ijyb
    11 | D:5      | HP: 1/20 [Ijyb/+3 club (5)]
    13 | D:5      | Slain by Ijyb

Illustrated notes

Levels and vault maps discovered:
D:5:      layout_basic, kennysheep_mini, minmay_temple_entry_overgrown,
          uniq_ijyb

Action                   || total
-------------------------++-------
Melee: Hand axe          ||     7
Armor: Leather armour    ||     9
Dodge: Dodged            ||    24

Table legend: (Time is in decaauts)
 A = Elapsed time spent in this place.
 B = Non-inter-level travel time spent in this place.
 C = Inter-level travel time spent in this place.
 D = Time resting spent in this place.
 E = Time spent auto-exploring this place.
 F = Levels seen in this place.
 G = Mean time per level.
                   A        B        C        D        E       F      G
               +--------+--------+--------+--------+--------+-----+--------+
         Total |     14 |     14 |      0 |      0 |      1 |   1 |   14.0 |
       Dungeon |     14 |     14 |      0 |      0 |      1 |   1 |   14.0 |
               +--------+--------+--------+--------+--------+-----+--------+

Top non-repeatable levels by time:
     D:5: 14 daAuts
